 Dungeon Crawl Stone Soup version 0.30-a0-862-g1aabd4f9c5 (webtiles) character file.

Game seed: 16186266082542315417

3089 Dittersdorf the Fighter (level 9, -4/59 HPs)
             Began as a Gargoyle Fighter on Mar 9, 2023.
             Was a Priest of Okawaru.
             Slain by an ice beast (11 damage)
             ... on level 8 of the Dungeon.
             The game lasted 00:10:43 (6907 turns).

Dittersdorf the Fighter (Gargoyle Fighter)          Turns: 6907, Time: 00:10:44

Health: -4/59      AC: 29    Str: 25    XL:     9   Next: 89%
Magic:  16/18      EV: 10    Int:  8    God:    Okawaru [***...]
Gold:   314        SH:  9    Dex:  9    Spells: 8/8 levels left

rFire   . . .      SeeInvis .    y - +2 flail (drain)
rCold   . . .      Faith    .    w - +2 buckler {AC+3}
rNeg    + . .      Spirit   .    z - +1 chain mail {rPois}
rPois   ∞          Reflect  .    q - +0 helmet
rElec   +          Rampage  ∞    (no cloak)
rCorr   +                        (no gloves)
Will    .....                    d - +3 pair of seven-league boots {Rampage+∞} Stlth
                                 s - amulet of the acrobat
HPRegen 0.29/turn                p - ring of resist corrosion
MPRegen 0.16/turn                x - ring of magical power

@: heroic
A: sickness immunity, AC +6, negative energy resistance 1, electricity
resistance, torment resistance 1, petrification resistance
a: Renounce Religion, Heroism


You were on level 8 of the Dungeon.
You worshipped Okawaru.
Okawaru was most pleased with you.
You visited 2 branches of the dungeon, and saw 9 of its levels.
You also visited: Sewer.

You collected 314 gold pieces.

Inventory:

Hand Weapons
 y - a +2 flail of draining (weapon)
Armour
 d - the +3 pair of seven-league boots (worn) {Rampage+∞}
   (You found it in a sewer)

   Rampage+∞: When moving toward enemies, its wearer moves as far as possible.
 q - a +0 helmet (worn)
 w - a +2 buckler of protection (worn)
 z - a +1 chain mail of poison resistance (worn)
Jewellery
 p - a ring of resist corrosion (left hand)
 s - an amulet of the acrobat (around neck)
 x - a ring of magical power (right hand)
Wands
 a - a wand of flame (18)
Scrolls
 b - 2 scrolls of fog
 e - a scroll of silence
 m - 2 scrolls of blinking
 n - a scroll of enchant weapon
 v - 2 scrolls of teleportation
 A - a scroll of enchant armour
Potions
 c - a potion of resistance
 f - a potion of flight {unknown}
 g - 2 potions of berserk rage {unknown}
 h - a potion of invisibility {unknown}
 i - 3 potions of haste {unknown}
 j - 3 potions of curing {unknown}
 k - 3 potions of magic {unknown}
 o - 2 potions of heal wounds {unknown}
 r - 3 potions of might
 t - 2 potions of degeneration {unknown}
 u - 2 potions of mutation {unknown}
 B - a potion of ambrosia {unknown}


   Skills:
 + Level 8.1(13.1) Fighting
 + Level 7.0(12.0) Maces & Flails
 + Level 8.1(13.1) Armour
 + Level 8.1(13.1) Shields


You had 8 spell levels left.
You didn't know any spells.
Your spell library contained the following spells:

 Spells                   Type           Power      Damage    Failure   Level
 Foxfire                  Conj/Fire      0%         2x1d4     91%         1
 Portal Projectile        Hex/Tloc       0%         N/A       100%        3
 Blade Hands              Tmut           0%         N/A       100%        5
 Fireball                 Conj/Fire      0%         3d3       100%        5
 Starburst                Conj/Fire      0%         6d3       100%        6
 Tukima's Dance           Hex            Unusable   N/A       N/A         3

Dungeon Overview and Level Annotations

Branches:
Dungeon (8/15)             Temple (1/1) D:5            Lair (0/5) D:8
  Sewer (visited)

Altars:
Cheibriados
Dithmenos
Elyvilon
Fedhas
Gozag
Hepliaklqana
Kikubaaqudgha
Makhleb
Nemelex Xobeh
Okawaru
Qazlal
Ru
Sif Muna
Trog
Uskayaw
Vehumet
Wu Jian
Xom
Yredelemnul
Zin
The Shining One


Innate Abilities, Weirdness & Mutations

You are immune to sickness and miasma.
Your stone body is resilient. (AC +6)
You are immune to poison.
You resist negative energy. (rN+)
You are resistant to electric shocks. (rElec)
You are resistant to unholy torment.
You are immune to petrification.


Message History

* * * LOW HITPOINT WARNING * * *
You hit the wolf.
The wolf is heavily wounded.
The wolf bites you but does no damage.
The ice beast hits you but does no damage.
The wolf bites you but does no damage. You block the ice beast's attack.
You closely miss the wolf.
The wolf is heavily wounded.
The wolf bites you but does no damage. The wolf barely misses you.
The ice beast completely misses you.
You hit the wolf but do no damage.
The wolf is heavily wounded.
The wolf barely misses you.
The ice beast hits you but does no damage.
The wolf bites you but does no damage.
You closely miss the wolf.
The wolf is heavily wounded.
The wolf bites you but does no damage. The ice beast hits you.
* * * LOW HITPOINT WARNING * * *
The ice beast freezes you!
* * * LOW HITPOINT WARNING * * *
You hit the wolf but do no damage.
The wolf is heavily wounded.
The wolf bites you but does no damage. You block the wolf's attack.
You block the ice beast's attack.
You sock the wolf!
You kill the wolf!
Okawaru accepts your kill.
The ice beast hits you but does no damage.
Your Maces & Flails skill increases to level 7!
You closely miss the ice beast. You block the ice beast's attack.
You hit the ice beast but do no damage. You drain the ice beast.
The ice beast is lightly wounded.
You sock the ice beast! You drain the ice beast.
The ice beast is heavily wounded.
You gain the combat prowess of a mighty hero.
The ice beast hits you.
* * * LOW HITPOINT WARNING * * *
The ice beast freezes you!
You die...

,* ****** ##.......... ,*
*,,,,**** ##...........
,***,,,,,,,* ###......?.....
,**,,,,,,,,* #.......###...#
,*,,,,,,,,,** ##......## *####
,*,,,,,,,,,,* ##......##
,,,,,,,,,,,,* #.......#
,,,,,,,,,,,,** ##†......#
,,,,,,,,,,,,,* #@##.#~..#
,,,,,,,,,,,,*####YY....##
,,,,,,,,,,,,*#..Y.......#**
,*,,,,,,,,,*#.............#*
,,,,,,,,,,,*...!....#......**
,,,,,,,,,,,,...............,*
,,,,,,,,,,,,...#.....#.....,*
**,,,,,,,,*,....###.###....,**
,******,,,,,.~..,*...**#...,~*
*


You could see 2 ice beasts.

Vanquished Creatures
  Prince Ribbit (D:5)
  Sigmund (D:6)
  A yak (D:5)
  A steam dragon (D:6)
  Edmund (D:6)
  A water moccasin (D:5)
  Pargi (Sewer)
  2 ice beasts
  A wolf (D:8)
  A centaur (D:5)
  3 ogres
  2 phantoms
  2 bullfrogs
  3 scorpions
  7 wights
  2 vampire bats (D:3)
  2 howler monkeys
  4 hounds
  2 jellies
  3 sleepcaps
  Natasha (thrice) (D:2)
  An iguana (D:6)
  4 orc wizards
  Robin (D:4)
  3 gnolls (D:4)
  4 adders
  A river rat (D:3)
  3 white imps
  2 ufetubi
  A worm (D:2)
  3 dart slugs
  14 orcs
  4 bats
  5 bat zombies (D:3)
  5 endoplasms
  3 giant cockroaches
  11 goblins
  13 hobgoblins
  9 jackals
  3 quokkas
  7 ball pythons
  5 frilled lizards
  6 kobolds
  5 rats
157 creatures vanquished.

Vanquished Creatures (others)
  An endoplasm (D:3)
  A kobold (D:3)
2 creatures vanquished.

Grand Total: 159 creatures vanquished

Notes
Turn   | Place    | Note
-------+----------+-------------------------------------------
     0 | D:1      | Dittersdorf the Gargoyle Fighter began the quest for the
                  | Orb.
     0 | D:1      | Reached XP level 1. HP: 14/14 MP: 1/1
   155 | D:1      | Reached XP level 2. HP: 19/19 MP: 2/2
   649 | D:1      | Reached XP level 3. HP: 23/23 MP: 3/3
  1318 | D:2      | Noticed Natasha
  1323 | D:2      | Killed Natasha
  1324 | D:2      | Reached XP level 4. HP: 21/29 MP: 4/4
  1448 | D:2      | Noticed Natasha
  1466 | D:2      | HP: 1/29 [white imp/puff of frost[Natasha] (6)]
  1468 | D:2      | Killed Natasha
  1497 | D:2      | Noticed Natasha
  1510 | D:2      | Killed Natasha
  1511 | D:2      | Reached XP level 5. HP: 16/33 MP: 5/5
  1866 | D:3      | Found a glowing drain.
  1906 | Sewer    | Entered a sewer
  1952 | Sewer    | Noticed Pargi
  1952 | Sewer    | Found the +3 pair of seven-league boots {Rampage+∞}
  1959 | Sewer    | Killed Pargi
  1960 | Sewer    | Reached XP level 6. HP: 38/39 MP: 6/6
  2071 | D:3      | Found a basalt altar of Yredelemnul.
  2073 | D:3      | Noticed a profane servitor
  2300 | D:3      | Found a glowing golden altar of the Shining One.
  2302 | D:3      | Noticed an angel
  2641 | D:3      | Found an ancient bone altar of Kikubaaqudgha.
  3236 | D:4      | Reached skill level 5 in Armour
  3279 | D:4      | Reached skill level 5 in Shields
  3302 | D:4      | Reached skill level 5 in Fighting
  3302 | D:4      | Reached XP level 7. HP: 44/44 MP: 7/7
  3621 | D:4      | Noticed Robin
  3632 | D:4      | Killed Robin
  3928 | D:5      | Entered Level 5 of the Dungeon
  3995 | D:5      | Identified the +4 long sword "Hoilah" {freeze, rN+ MP+9
                  | Str-4 Dex+5}
  4159 | D:5      | Found a staircase to the Ecumenical Temple.
  4168 | Temple   | Entered the Ecumenical Temple
  4245 | Temple   | Became a worshipper of Warmaster Okawaru
  4288 | Temple   | Reached XP level 8. HP: 51/51 MP: 8/8
  4643 | D:5      | Noticed a yak
  4672 | D:5      | Reached skill level 5 in Maces & Flails
  4674 | D:5      | Reached * piety under Okawaru
  4708 | D:5      | Killed a yak
  4887 | D:5      | Found a sparkling altar of Nemelex Xobeh.
  4888 | D:5      | Found a shimmering altar of Xom.
  5083 | D:6      | Noticed Prince Ribbit
  5121 | D:5      | Killed Prince Ribbit
  5206 | D:5      | Reached XP level 9. HP: 46/56 MP: 9/9
  5492 | D:6      | Noticed Edmund
  5492 | D:6      | Reached ** piety under Okawaru
  5495 | D:6      | Noticed Sigmund
  5511 | D:6      | Killed Edmund
  5525 | D:6      | Killed Sigmund
  5835 | D:6      | Identified the +0 leather armour of Pyuhaug {+Blink rN+
                  | Stlth+}
  6021 | D:7      | HP: 2/57 [wight/+0 great sword (4)]
  6560 | D:7      | Found a shimmering blue altar of Sif Muna.
  6560 | D:7      | Found a white marble altar of Elyvilon.
  6865 | D:8      | Reached *** piety under Okawaru
  6907 | D:8      | Slain by an ice beast

Illustrated notes

Levels and vault maps discovered:
D:1:      dpeg_arrival_leaves_temple_mockup, layout_basic
D:2:      layout_rooms, uniq_natasha
D:3:      layout_loops_corners, grunt_temple_overflow_holy_war,
          kennysheep_vampire_church, portal_sewer_entry_a, serial_glass,
          glass_columns_a, glass_columns_a, chequers_serial_rivers_micro_e
D:4:      layout_loops_ring, uniq_robin
D:5:      minmay_clustersquares, layout_basic, gammafunk_temple_overflow_wave,
          minmay_temple_entry_crystal_x, nicolae_titane
D:6:      layout_basic, sigmund_edmund_badplayer, uniq_prince_ribbit1
D:7:      layout_loops_cross, chequers_temple_overflow_statue_of_worship
D:8:      layout_cave_pods, hellmonk_lair_entry_icy, enter_ossuary_4
Temple:   jpeg_temple_clearing

Skill      XL: |  1  2  3  4  5  6  7  8  9 |
---------------+----------------------------+-----
Armour         | 4 5 6 8 |  8.1
Fighting       | 4 5 6 8 |  8.1
Shields        | 4 5 6 8 |  8.1
Maces & Flails | 3 4 5 7 |  7.0

Action                     |  1- 3 |  4- 6 |  7- 9 || total
---------------------------+-------+-------+-------++-------
  Melee: Flail             |   130 |   174 |   377 ||   681
 Invoke: Heroism           |       |       |     1 ||     1
    Use: Scroll            |       |     8 |     8 ||    16
         Potion            |       |     1 |       ||     1
 Armour: Scale mail        |    90 |   102 |       ||   192
         Chain mail        |       |    14 |   266 ||   280
  Dodge: Dodged            |    64 |   103 |   119 ||   286
  Block: Buckler           |    31 |    31 |   122 ||   184

Table legend: (Time is in decaauts)
 A = Elapsed time spent in this place.
 B = Non-inter-level travel time spent in this place.
 C = Inter-level travel time spent in this place.
 D = Time resting spent in this place.
 E = Time spent auto-exploring this place.
 F = Levels seen in this place.
 G = Mean time per level.
                   A        B        C        D        E       F      G
               +--------+--------+--------+--------+--------+-----+--------+
         Total |   7087 |   6619 |    468 |    452 |   4671 |  10 |  708.7 |
       Dungeon |   6759 |   6313 |    446 |    448 |   4532 |   8 |  844.9 |
        Temple |    178 |    156 |     22 |      4 |     55 |   1 |  178.0 |
         Sewer |    149 |    149 |      0 |      0 |     83 |   1 |  149.0 |
               +--------+--------+--------+--------+--------+-----+--------+

Top non-repeatable levels by time:
     D:3: 1210 daAuts
     D:5: 1143 daAuts
     D:1: 1002 daAuts
     D:2: 958 daAuts
     D:4: 870 daAuts
     D:6: 754 daAuts
     D:7: 745 daAuts
  Temple: 178 daAuts
   Sewer: 149 daAuts
     D:8: 74 daAuts
